 Dungeon Crawl Stone Soup version 0.19-a0-1238-gee6bd96 (webtiles) character file.

7692 JustSomeDude the Skirmisher (level 11, -2/84 HPs)
             Began as a Demonspawn Fighter on Aug 26, 2016.
             Was a Follower of Yredelemnul.
             Slain by a troll (7 damage)
             ... on level 10 of the Dungeon.
             The game lasted 00:29:08 (10010 turns).

JustSomeDude the Skirmisher (Demonspawn Fighter)   Turns: 10010, Time: 00:29:13

Health: -2/84      AC: 11    Str: 20    XL:     11   Next: 0%
Magic:  0/6        EV: 14    Int:  7    God:    Yredelemnul [*.....]
Gold:   703        SH: 11    Dex: 13    Spells: 0 memorised, 16 levels left

rFire  . . .     SeeInvis .     o - +2 trident (antimagic)
rCold  . . .     Gourm    .     z - +0 steam dragon armour
rNeg   . . .     Faith    .     c - +0 shield
rPois  +         Spirit   +     (no helmet)
rElec  .         Dismiss  .     C - +1 cloak
rCorr  +         Reflect  .     (no gloves)
MR     .....     Harm     .     (no boots)
Stlth  ++........               (no amulet)
                                h - ring of resist corrosion
                                (no ring)

@: no status effects
A: claws 1, talons 2, yellow scales 2, demonic guardian 1, dopey 1, high mp 3,
poison resistance, magic shield
a: Animate Remains, Renounce Religion


You were on level 10 of the Dungeon.
You worshipped Yredelemnul.
Yredelemnul was aware of your devotion.
You were not hungry.

You visited 2 branches of the dungeon, and saw 11 of its levels.
You also visited: Bailey.

You collected 1018 gold pieces.
You spent 315 gold pieces at shops.

Inventory:

Hand Weapons
 o - a +2 antimagic trident (weapon)
Missiles
 G - 28 tomahawks of returning (quivered)
Armour
 c - a +0 shield (worn)
 z - a +0 steam dragon armour (worn)
 C - a +1 cloak (worn)
 J - a cursed +0 cloak
Jewellery
 h - a ring of resist corrosion (right claw)
 w - an uncursed ring of fire
Wands
 e - a wand of iceblast (12/15)
 p - a wand of random effects (37/48)
 r - a wand of confusion (38/48)
 x - a wand of teleportation (3/9)
 y - a wand of slowing (48/48)
 A - a wand of digging (11/24)
 B - a wand of confusion (32/48)
 I - a wand of flame (21/48)
 K - a wand of paralysis (7/24)
 N - a wand of flame (38/48)
Scrolls
 a - 2 scrolls of teleportation
 d - a scroll of magic mapping {unknown}
 g - a scroll of fog
 i - 2 scrolls of amnesia
 l - a scroll of immolation
 m - a scroll of fear
 q - a scroll of remove curse
 s - 4 scrolls of enchant armour
 D - a scroll of vulnerability {unknown}
 E - a scroll of identify
 F - a scroll of silence {unknown}
 M - a scroll of brand weapon {unknown}
Potions
 j - 3 potions of magic
 n - a potion of resistance
 t - a potion of mutation
 O - a potion of beneficial mutation {unknown}
Books
 b - a book of the Tempests

   Spells                             Type                      Level
   a - Static Discharge               Conjuration/Air              3
   b - Lightning Bolt                 Conjuration/Air              5
   c - Fireball                       Conjuration/Fire             5
   d - Tornado                        Air                          9
   e - Shatter                        Earth                        9
Comestibles
 f - 5 bread rations
 k - 9 fruits
 u - a beef jerky
 v - a slice of pizza
 H - a royal jelly
 L - 8 chunks of flesh


   Skills:
 + Level 7.3 Fighting
 + Level 6.8 Polearms
 + Level 3.8 Throwing
 + Level 6.9 Armour
 + Level 6.5 Dodging
 + Level 3.7 Stealth
 + Level 7.1 Shields
 + Level 3.0 Unarmed Combat
 + Level 3.0 Spellcasting
 + Level 3.3 Evocations


You had 16 spell levels left.
You didn't know any spells.

Dungeon Overview and Level Annotations

Branches:
Dungeon (10/15)            Temple (1/1) D:5            Lair (0/6) D:9
    Orc: D:9-12

Altars:
Ashenzari
Cheibriados
Dithmenos
Elyvilon
Fedhas
Gozag
Hepliaklqana
Kikubaaqudgha
Makhleb
Okawaru
Qazlal
Ru
Sif Muna
Trog
Uskayaw
Vehumet
Xom
Yredelemnul
Zin
The Shining One

Shops:
D:6 (:=

Annotations:
D:6 1 runed door


Innate Abilities, Weirdness & Mutations

You have razor-sharp toenails.
You are mostly covered in yellow scales. (AC +3)
A weak demonic guardian rushes to your aid.
When hurt, damage is shared between your health and your magic reserves.
You have sharp fingernails.
You are dopey. (Int -2)
You have a greatly increased reservoir of magic. (+30% MP)
Your system is resistant to poisons. (rPois)


Message History

You feel weaker.
You feel stronger.
You feel more energetic. The troll barely misses you.
You block the troll's attack. The troll misses you.
Some of the chunks of flesh in your inventory have rotted away.
Items here: )))) [[[ รท You hit the troll.
Your kick misses the troll.
The troll is severely wounded.
The troll closely misses you. You block the troll's attack.
The troll misses you.
You barely miss the troll. Your kick misses the troll.
The troll is severely wounded.
You block the troll's attack. The troll claws you but does no damage.
You block the troll's attack.
You puncture the troll!
The troll is almost dead.
The troll bites you.
* * * LOW HITPOINT WARNING * * *
The troll claws you!
You die...
Your body rises from the dead as a mindless zombie.

###### #....#
###### #....#
#....# #....#
#....# #....#
....####....#
#.....##....# #@#
.#....##
##T####.####..##
#........# ##..##
#.)......## ##..#
#.....[...#####.##
#............ #..##
##.##.###....###..#
#..##.# ##..###.#
#.###.# #......


You could see a troll.

Vanquished Creatures
  Pikel (D:8)
  An orc knight (Bailey)
  A komodo dragon (D:9)
  Prince Ribbit (D:7)
  Sigmund (D:2)
  A hungry ghost (D:8)
  The ghost of JustSomeDude the Covered, an amateur DsFi (D:3)
  A steam dragon (D:9)
  Edmund (D:6)
  A water moccasin (D:10)
  2 sky beasts
  3 slaves (D:8)
  5 orc warriors
  2 ogres
  A crocodile (D:9)
  3 giant frogs
  2 scorpions (D:6)
  4 wights
  4 killer bees
  2 howler monkeys
  5 crimson imps
  A quasit (D:8)
  A hound (D:9)
  6 orc wizards
  3 jellies
  3 orc priests
  A giant frog skeleton (D:5)
  4 iguanas
  Terence (D:3)
  15 worker ants
  A hound zombie (D:7)
  2 worker ant zombies
  4 gnolls (D:5)
  12 adders
  2 shadow imps
  An ooze (D:4)
  A worm (D:2)
  A dart slug (D:5)
  4 giant geckos
  32 orcs
  2 ball pythons
  7 giant cockroaches
  11 goblins
  9 hobgoblins
  7 jackals
  14 kobolds
  2 quokkas
  6 bats
  4 giant newts
  A jackal skeleton (D:4)
  A quokka skeleton (D:6)
  8 rats
210 creatures vanquished.

Vanquished Creatures (collateral kills)
  A centaur zombie (D:10)
  A steam dragon (D:8)
  A hippogriff (D:10)
  An ice beast (D:5)
  A slave (D:8)
  An ogre (D:4)
  2 giant frogs
  A wight (D:6)
  An orc wizard (D:7)
  2 orcs
  A jackal (D:9)
  A kobold (Bailey)
14 creatures vanquished.

Grand Total: 224 creatures vanquished

Notes
Turn   | Place    | Note
-------+----------+-------------------------------------------
     0 | D:1      | JustSomeDude the Demonspawn Fighter began the quest for the Orb.
     0 | D:1      | Reached XP level 1. HP: 18/18 MP: 1/1
   206 | D:1      | Gained mutation: When hurt, damage is shared between your health and your magic reserves. [demonic ancestry]
   206 | D:1      | Reached XP level 2. HP: 24/24 MP: 2/2
   720 | D:2      | Gained mutation: You have sharp toenails. [demonic ancestry]
   720 | D:2      | Reached XP level 3. HP: 21/29 MP: 3/3
  1149 | D:2      | Noticed Sigmund
  1216 | D:2      | Killed Sigmund
  1216 | D:2      | Reached skill level 1 in Dodging
  1216 | D:2      | Reached XP level 4. HP: 20/37 MP: 1/4
  1216 | D:2      | Gained mutation: You are partially covered in yellow scales. (AC +2) [demonic ancestry]
  1216 | D:2      | Reached XP level 5. HP: 22/42 MP: 1/5
  1326 | D:2      | Found a shadowy altar of Dithmenos.
  1458 | D:2      | Found a glowing golden altar of the Shining One.
  1768 | D:3      | Noticed Terence
  1792 | D:3      | Killed Terence
  1836 | D:3      | Gained mutation: A weak demonic guardian rushes to your aid. [demonic ancestry]
  1836 | D:3      | Reached XP level 6. HP: 45/48 MP: 4/6
  1889 | D:3      | Noticed JustSomeDude's ghost (amateur DsFi)
  1901 | D:3      | Killed JustSomeDude's ghost
  2145 | D:3      | Found a glowing silver altar of Zin.
  2600 | D:4      | Gained mutation: You have razor-sharp toenails. [demonic ancestry]
  2600 | D:4      | Reached XP level 7. HP: 52/55 MP: 7/7
  2713 | D:4      | Found a bloodstained altar of Trog.
  3043 | D:5      | Entered Level 5 of the Dungeon
  3146 | D:5      | Found a staircase to the Ecumenical Temple.
  4005 | D:6      | Found Rinweylle's Book Shop.
  4101 | D:6      | Found Mysorgh's Jewellery Shoppe.
  4115 | D:6      | Found a runed door.
  4185 | D:6      | Gained mutation: You are mostly covered in yellow scales. (AC +3) [demonic ancestry]
  4185 | D:6      | Reached XP level 8. HP: 57/61 MP: 8/8
  4247 | D:6      | Noticed Edmund
  4257 | D:6      | Reached skill level 5 in Fighting
  4284 | D:6      | Killed Edmund
  4284 | D:6      | Reached skill level 5 in Armour
  4436 | D:6      | Found Zafim's Weapon Boutique.
  4613 | D:6      | Found a runed door.
  5087 | D:6      | Reached skill level 5 in Polearms
  5492 | D:7      | Found a flagged portal.
  5546 | D:7      | Reached skill level 5 in Shields
  5564 | D:7      | Got a bloodstained hand axe
  5568 | Bailey   | Entered a bailey
  5576 | Bailey   | Noticed an orc knight
  6142 | Bailey   | Killed an orc knight
  6142 | Bailey   | Reached skill level 1 in Throwing
  6142 | Bailey   | Reached XP level 9. HP: 69/69 MP: 7/9
  6261 | Bailey   | Reached skill level 5 in Dodging
  6261 | Bailey   | Reached XP level 10. HP: 21/79 MP: 3/14
  6286 | Bailey   | HP: 1/79 [orc warrior/war axe (7)]
  7353 | D:7      | Noticed Prince Ribbit
  7378 | D:7      | Killed Prince Ribbit
  7602 | D:7      | Gained mutation: You have an increased reservoir of magic. (+10% MP) [mutagenic meat]
  7605 | D:7      | Gained mutation: Your system is resistant to poisons. (rPois) [mutagenic meat]
  7608 | D:7      | Gained mutation: You have sharp fingernails. [mutagenic meat]
  7611 | D:7      | Gained mutation: You are dopey. (Int -2) [mutagenic meat]
  7614 | D:7      | Gained mutation: You have a considerably increased reservoir of magic. (+20% MP) [mutagenic meat]
  7770 | Temple   | Entered the Ecumenical Temple
  7925 | Temple   | Became a worshipper of Yredelemnul the Dark
  8114 | D:6      | Bought a +2 antimagic trident for 315 gold pieces
  8656 | D:8      | Noticed Pikel
  8682 | D:8      | Killed Pikel
  8817 | D:8      | Found a white marble altar of Elyvilon.
  9481 | D:9      | Found a staircase to the Lair.
  9646 | D:9      | Noticed a catoblepas
  9690 | D:10     | Entered Level 10 of the Dungeon
  9946 | D:10     | Reached * piety under Yredelemnul
  9974 | D:10     | Reached XP level 11. HP: 27/84 MP: 3/18
 10004 | D:10     | Gained mutation: You are weak. (Str -2) [potion of mutation]
 10004 | D:10     | Lost mutation: You are weak. (Str -2) [potion of mutation]
 10004 | D:10     | Gained mutation: You have a greatly increased reservoir of magic. (+30% MP) [potion of mutation]
 10010 | D:10     | Slain by a troll

Vault maps used:
D:1:      minmay_arrival_shattered_statue
D:2:      grunt_dithmenos_smoke_and_mirrors, nicolae_tso_carved_into_rock,
          uniq_sigmund
D:3:      zin_statuary, uniq_terence
D:4:      lightli_temple_of_fire
D:5:      first_bread, minmay_crystal_water
D:6:      lemuel_insect_pit, serial_shops, kennysheep_little_box, shop, shop,
          roderic_serpentine_path, uniq_edmund
D:7:      enter_bailey_2, uniq_prince_ribbit1
D:8:      marbit_many_paths, uniq_pikel
D:9:      nemelex_xobeh_ov_fountains_minmay, erik_lair_dragon
D:10:     david_nohive_1, uniq_fannar
Temple:   eino_temple_scatter_basement
Bailey:   bailey_axe_4, bailey

Skill      XL: |  1  2  3  4  5  6  7  8  9 10 |
---------------+-------------------------------+-----
Armour         | 3 4 5 6 |  6.9
Shields        | 3 4 5 6 7 |  7.1
Polearms       | 2 3 4 5 6 |  6.8
Dodging        | 1 2 3 4 5 6 |  6.5
Fighting       | 4 5 7 |  7.3
Throwing       | 1 3 |  3.8
Stealth        | 3 |  3.7
Unarmed Combat | 3 |  3.0
Spellcasting   | 3 |  3.0
Evocations     | 3 |  3.3

Action                   |  1- 3 |  4- 6 |  7- 9 | 10-12 || total
-------------------------+-------+-------+-------+-------++-------
Melee: Trident           |   119 |   177 |   516 |   440 ||  1252
       Kick              |    13 |    43 |   112 |   115 ||   283
Throw: Tomahawk          |       |       |    39 |     2 ||    41
Evoke: Wand              |       |       |       |     1 ||     1
  Use: Potion            |     3 |       |     9 |     5 ||    17
       Scroll            |       |       |     1 |    14 ||    15
 Stab: Sleeping          |       |       |       |     6 ||     6
       Distracted        |       |       |       |     5 ||     5
  Eat: Chunk             |     1 |     5 |     4 |    17 ||    27
       Fruit             |       |       |     3 |     2 ||     5
       Royal jelly       |       |       |     1 |       ||     1
       Bread ration      |       |       |     1 |       ||     1
Armor: Scale mail        |    50 |    47 |   148 |   108 ||   353
       Steam dragon armo |       |       |       |    40 ||    40
Dodge: Dodged            |    23 |    39 |   135 |   178 ||   375
Block: Shield            |    55 |    58 |   205 |   234 ||   552
